 Seeded DCSS version 0.30.0-10-gfe55d96785 (webtiles) character file.

Game seed: 13435958753314827705 (custom seed)

675 GigaChad the Shield-Bearer (level 7, -2/54 HPs)
             Began as a Formicid Fighter on May 16, 2023.
             Slain by Pikel
             ... wielding a +1 whip of flaming
              (7 damage)
             ... on level 4 of the Dungeon.
             The game lasted 00:03:30 (3480 turns).

GigaChad the Shield-Bearer (Formicid Fighter)       Turns: 3480, Time: 00:03:30

Health: -2/54      AC:  9    Str: 29    XL:     7   Next: 91%
Magic:  7/7        EV:  8    Int:  7    God:
Gold:   218        SH: 10    Dex: 16    Spells: 6/6 levels left

rFire   + . .        a - +0 war axe
rCold   . . .        e - +0 kite shield
rNeg    . . .        u - +0 chain mail
rPois   .            (helmet unavailable)
rElec   .            (no cloak)
rCorr   .            (no gloves)
SInv    +            (no boots)
Will    +....        (no amulet) Stlth
                     m - ring of Liberalism {Fly Will+ Dex+3}
HPRegen 0.29/turn    l - ring "Nissets" {rF+ Str+6 Stlth+}
MPRegen 0.10/turn

%: no passive effects
@: flying
A: permanent stasis, dig shafts and tunnels, antennae 3, four strong arms
a: Dig, Shaft Self


You were on level 4 of the Dungeon.
You visited 1 branch of the dungeon, and saw 4 of its levels.

You collected 218 gold pieces.

Inventory:

Hand Weapons
 a - a +0 war axe (weapon)
Missiles
 p - a throwing net
Armour
 b - a +0 scale mail
 c - a +0 buckler
 e - a +0 kite shield (worn)
 u - a +0 chain mail (worn)
Jewellery
 l - the ring "Nissets" (right hand) {rF+ Str+6 Stlth+}
   (You acquired it on level 2 of the Dungeon)

   [ring of strength]

   Str:       It affects your strength (+6).
   rF:        It protects you from fire.
   Stlth:     It makes you more stealthy.
 m - the ring of Liberalism (left hand) {Fly Will+ Dex+3}
   (You acquired it on level 2 of the Dungeon)

   [ring of flight]

   Dex:       It affects your dexterity (+3).
   Fly:       It grants you flight.
   Will:      It increases your willpower.
 n - a ring of fire
 o - an amulet of guardian spirit
 s - a ring of fire
Scrolls
 i - 4 scrolls of teleportation
 j - a scroll of poison
 k - a scroll of fog {unknown}
 q - a scroll of magic mapping {unknown}
 t - a scroll of enchant armour {unknown}
Potions
 d - a potion of might
 f - a potion of resistance {unknown}
 g - a potion of haste {unknown}
 h - 3 potions of curing {unknown}
 r - a potion of lignification {unknown}
 v - a potion of invisibility {unknown}
 w - 2 potions of ambrosia {unknown}


   Skills:
 + Level 4.2 Fighting
 * Level 5.9 Axes
 * Level 5.2 Armour
 - Level 0.3 Dodging
 * Level 6.0 Shields


You had 6 spell levels left.
You didn't know any spells.
Your spell library contained the following spells:

 Spells                   Type           Power      Damage    Failure   Level
 Magic Dart               Conj           0%         1d3       98%         1
 Call Imp                 Summ           0%         N/A       99%         2
 Dazzling Flash           Conj/Hex       0%         N/A       100%        3
 Mephitic Cloud           Conj/Pois/Air  0%         N/A       100%        3
 Volatile Blastmotes      Fire/Tloc      0%         2d10      100%        3
 Iskenderun's Mystic Bla  Conj/Tloc      0%         2d3       100%        4
 Starburst                Conj/Fire      0%         6d3       100%        6


Dungeon Overview and Level Annotations

Branches:
Dungeon (4/15)
 Temple: D:4-7

Altars:
Makhleb
Uskayaw

Annotations:
D:4 Pikel


Innate Abilities, Weirdness & Mutations

You cannot be hasted, slowed, berserked, paralysed or teleported.
You can dig through walls and to a lower floor.
You have a pair of large antennae on your head. (SInv)
Your four strong arms can wield two-handed weapons with a shield.


Message History

You block the lemure's attack. Pikel barely misses you. The lemure hits you.
You closely miss the lemure.
The lemure is heavily wounded.
You slash the lemure! You closely miss the lemure. You barely miss Pikel.
The lemure hits you.
Pikel hits you with a +1 whip of flaming.
Pikel burns you. You block the lemure's attack. x2
Unknown command.
You are too injured to fight recklessly!
You are too injured to fight recklessly!
Unknown command.
You are too injured to fight recklessly!
You are too injured to fight recklessly!
You hit Pikel.
Pikel is lightly wounded.
You barely miss the lemure. You hit the lemure.
You hit the lemure but do no damage. Pikel hits you but does no damage.
The lemure hits you. x2
* * * LOW HITPOINT WARNING * * *
You block the lemure's attack.
You closely miss Pikel.
Pikel is lightly wounded.
You hit the lemure but do no damage. x2; You closely miss the lemure.
You block the lemure's attack.
Pikel hits you with a +1 whip of flaming.
* * * LOW HITPOINT WARNING * * *
The lemure hits you.
* * * LOW HITPOINT WARNING * * *
The lemure barely misses you. x2; The lemure hits you but does no damage.
You block Pikel's attack. The lemure hits you.
* * * LOW HITPOINT WARNING * * *
The orc hits you but does no damage.
You slash Pikel!
Pikel is moderately wounded.
You closely miss the orc. You hit the lemure. You barely miss the lemure.
You hit the lemure. You block the lemure's attack.
The orc hits you but does no damage. You block the lemure's attack.
Pikel says, "Hell isn't that bad."
Pikel hits you with a +1 whip of flaming!
You die...

#..8#8.#.#.###.#
#..#$#.#.#.....#
#..8#8.#.#######
#......#)#
#......#.#
#######.###.#
.(......# ...
.....$.5#.#.###
.......@55....#
......o5K..#.##
.......#...#
....... ...#
....... ...#
##'#### ...# #..
...# #. ##.#


You could see Pikel, 4 lemures and an orc.

Vanquished Creatures
  Sigmund (D:4)
  Menkaure (D:4)
  An ogre (D:4)
  A scorpion (D:4)
  An orc wizard (D:4)
  7 gnolls
  8 adders
  3 dart slugs
  3 orcs (D:4)
  6 ball pythons
  8 endoplasms
  4 giant cockroaches
  7 goblins
  9 hobgoblins
  5 jackals
  7 kobolds
  2 quokkas (D:1)
  3 bats (D:1)
  7 frilled lizards
  7 rats
91 creatures vanquished.

Notes
Turn   | Place    | Note
-------+----------+-------------------------------------------
     0 | D:1      | GigaChad the Formicid Fighter began the quest for the Orb.
     0 | D:1      | Reached XP level 1. HP: 18/18 MP: 1/1
    35 | D:1      | Reached XP level 2. HP: 24/24 MP: 2/2
   302 | D:1      | Reached XP level 3. HP: 27/30 MP: 3/3
   630 | D:1      | Found a faded altar of an unknown god.
  1170 | D:2      | Reached XP level 4. HP: 37/37 MP: 4/4
  1451 | D:2      | Reached XP level 5. HP: 18/42 MP: 5/5
  1560 | D:2      | Found a hide-covered altar of Uskayaw.
  1611 | D:2      | Identified 2 scrolls of acquirement
  1611 | D:2      | Acquired the ring of Liberalism {Fly Will+ Dex+3}
  1614 | D:2      | Acquired the ring "Nissets" {rF+ Str+6 Stlth+}
  1858 | D:3      | Found a burning altar of Makhleb.
  2789 | D:4      | Reached XP level 6. HP: 26/48 MP: 6/6
  2792 | D:4      | Reached skill level 5 in Shields
  2881 | D:4      | Noticed Menkaure
  2887 | D:4      | Killed Menkaure
  2907 | D:4      | Reached skill level 5 in Axes
  2907 | D:4      | Reached XP level 7. HP: 53/54 MP: 7/7
  3365 | D:4      | Reached skill level 5 in Armour
  3434 | D:4      | Noticed Sigmund
  3441 | D:4      | Killed Sigmund
  3442 | D:4      | Reached skill level 6 in Shields
  3469 | D:4      | Noticed Pikel
  3480 | D:4      | Slain by Pikel

Illustrated notes

Levels and vault maps discovered:
D:1:      scummos_arrival_forest, layout_loops_corners,
          shapermc_ecumenical_altar_hornbeckon
D:2:      layout_rooms, basic_altar, roderic_roman_lattice,
          dreamdust_mushroom_princess
D:3:      layout_loops_ring, overflow_temple_1_default
D:4:      minmay_angry_zag, layout_basic, minmay_misc_feat_tower,
          minmay_statues_item, hangedman_decor_opposing, uniq_pikel,
          uniq_menkaure, uniq_sigmund

Skill      XL: |  1  2  3  4  5  6  7 |
---------------+----------------------+-----
Axes           | 3 4 5 |  5.9
Armour         | 4 5 |  5.2
Shields        | 5 6 |  6.0
Fighting       | 4 |  4.2
Dodging        | |  0.3

Action                     |  1- 3 |  4- 6 |  7- 9 || total
---------------------------+-------+-------+-------++-------
  Melee: War axe           |    90 |   121 |    36 ||   247
    Use: Scroll            |     2 |     2 |       ||     4
 Armour: Scale mail        |    40 |    62 |     4 ||   106
         Chain mail        |       |       |     9 ||     9
  Dodge: Dodged            |    39 |    52 |    15 ||   106
  Block: Buckler           |     8 |       |       ||     8
         Kite shield       |    42 |    69 |    29 ||   140
